 Dungeon Crawl Stone Soup version 0.17-a0-1691-g18a3847 (console) character file.

11151 Monkaria the Unseen (level 11, -1/48 HPs)
             Began as a Felid Chaos Knight on Aug 20, 2015.
             Slain by an eight-headed hydra (3 damage)
             ... on level 1 of the Lair of Beasts.
             The game lasted 00:38:45 (17727 turns).

Monkaria the Unseen (Felid Chaos Knight)           Turns: 17727, Time: 00:38:45

Health: -1/48      AC:  3    Str: 15    XL:     11   Next: 45%
Magic:  18/18      EV: 33    Int: 12    God:    Xom [....*.]
Gold:   113        SH:  0    Dex: 24    Spells: 0 memorised, 10 levels left
                                        Lives:  0   Deaths: 3

rFire  . . .     SeeInvis +       - Unarmed
rCold  + . .     Clarity  +     (armour unavailable)
rNeg   . . .     SustAt   .     (shield unavailable)
rPois  .         Gourm    .     (helmet unavailable)
rElec  .         Spirit   .     (cloak unavailable)
rCorr  .         Warding  .     (gloves unavailable)
rMut   .         Stasis   .     (boots unavailable)
MR     ++...                    (no amulet)
Stlth  +++++++++.               U - ring of protection from fire
                                K - ring "Wucytum" {rF- MR+ Dex+4 Slay+2}

@: quick, very resistant to hostile enchantments, incredibly stealthy
A: no armour, no weapons or thrown items, claws 1, fangs 3, molten scales 1, see
invisible, agile 2, blink 1, carnivore 3, clarity, cold resistance 1, dopey 1,
speed 1, high mp 1, mutation resistance 1, sense surroundings 1, shaggy fur 2,
slow healing 1, slow metabolism 1, strong 2, wild magic 1, sharp paws
a: Blink, Renounce Religion


You were on level 1 of the Lair of Beasts.
You worshipped Xom.
You were a beloved toy of Xom.
You were completely stuffed.

You visited 3 branches of the dungeon, and saw 14 of its levels.
You visited the Abyss 1 time.
You also visited: Bailey.

You collected 913 gold pieces.
You spent 800 gold pieces at shops.

Inventory:

Jewellery
 b - an uncursed ring of fire
 K - the ring "Wucytum" (left paw) {rF- MR+ Dex+4 Slay+2}
   (You found it on level 7 of the Dungeon)

   [ring of protection from magic]

   It affects your dexterity (+4).
   It affects your accuracy and damage with ranged weapons and melee attacks
   (+2).
   It makes you vulnerable to fire.
   It affects your resistance to hostile enchantments.
 U - a ring of protection from fire (right paw)
Magical devices
 c - a wand of lightning (4)
 k - a wand of confusion (19)
 m - a wand of enslavement (0)
 q - a wand of random effects (1)
 s - a wand of fire (0)
 B - a wand of teleportation (7)
 N - a wand of lightning (11)
 O - a wand of paralysis (7)
 Z - a wand of magic darts (17)
Scrolls
 e - a scroll of magic mapping
 f - 8 scrolls of teleportation
 r - 7 scrolls of remove curse
 v - a scroll of fear
Potions
 d - 4 potions of might
 i - a potion of magic
 u - 5 potions of curing
 C - a potion of berserk rage
 E - 3 potions of invisibility
 F - 2 potions of haste
 G - 2 potions of flight
 Q - a potion of heal wounds
 Y - a potion of resistance
Miscellaneous
 g - a phial of floods
 L - a box of beasts
Comestibles
 a - 6 meat rations
 h - a chunk of flesh
 p - 2 royal jellies
 z - 3 beef jerkies
 H - 4 slices of pizza


   Skills:
 - Level 6.0 Fighting
 - Level 12.4 Dodging
 + Level 17.5 Stealth
 - Level 7.0 Unarmed Combat
 - Level 7.1 Evocations


You had 10 spell levels left.
You didn't know any spells.

Dungeon Overview and Level Annotations

Branches:
Dungeon (12/15)            Temple (1/1) D:7            Lair (1/8) D:9
    Orc (0/4) D:9

Altars:
Ashenzari
Cheibriados
Dithmenos
Elyvilon
Fedhas
Gozag
Kikubaaqudgha
Makhleb
Nemelex Xobeh
Okawaru
Qazlal
Ru
Sif Muna
Trog
Vehumet
Xom
Yredelemnul
Zin
The Shining One

Shops:
D:5 *   D:6 *![?(


Innate Abilities, Weirdness & Mutations

You cannot wear armour.
You are incapable of wielding weapons or throwing items.
You have sharp claws.
You have razor-sharp teeth.
You have supernaturally acute eyesight.
You are carnivorous and can eat meat at any time.
You cover ground quickly.
You are covered in thick fur (AC +2).
You have a slow metabolism.
Your sharp claws are effective at attacking unaware monsters.
You are partially covered in molten scales (AC +1).
You are very agile. (Dex +4)
You can translocate small distances at will.
You possess an exceptional clarity of mind.
Your flesh is cold resistant.
You are dopey. (Int -2)
You have an increased reservoir of magic (+10% MP).
You are somewhat resistant to further mutation.
You passively map a small area around you.
You heal slowly when monsters are visible.
Your muscles are very strong. (Str +4)
Your spells are a little harder to cast, but a little more powerful.


Message History

The eight-headed hydra is lightly wounded.
Your yak gores the eight-headed hydra!
The eight-headed hydra bites you. The eight-headed hydra bites you!
The eight-headed hydra misses you.
The eight-headed hydra completely misses you.
The eight-headed hydra closely misses you.
The eight-headed hydra bites you.
The eight-headed hydra completely misses you. x2
Unknown command.
You claw the eight-headed hydra!
The eight-headed hydra is heavily wounded.
Your yak gores the eight-headed hydra!!
The eight-headed hydra bites you.
The eight-headed hydra completely misses you.
The eight-headed hydra bites you.
The eight-headed hydra completely misses you. x2
The eight-headed hydra bites you!
* * * LOW HITPOINT WARNING * * *
The eight-headed hydra bites you!
* * * LOW HITPOINT WARNING * * *
The eight-headed hydra bites you.
You die...

, ## #..........# ##.. * .##
##..........######. ##..##
#............##.... ###....#
##................# #P.....##
#...............##
##.......####..........###..#
##.........# #.........##
#... #.........####DY.....###
##... #..........#.@######.#
#.... #............## ###
##.... ##.#........###
##..... ............###
#.....# ##.#######..#
##...?.# ...## ## #..#
#....... ≈≈≈.##.# #..#
#....... ≈≈≈...####..##
###..... ≈≈≈≈..#......##
*##....


You could see an eight-headed hydra and a friendly yak.

Vanquished Creatures
  A hill giant (D:10)
  Pikel (D:7)
  An unseen horror (D:12)
  A manticore (D:12)
  An ugly thing (D:11)
  Maurice (D:8)
  A gargoyle (D:11)
  A komodo dragon (D:12)
  3 trolls
  3 slime creatures (D:12)
  A two-headed ogre (D:8)
  2 deep elf magi
  2 hippogriffs
  A wyvern (D:8)
  A steam dragon (D:10)
  A spriggan (D:7)
  8 yaks
  3 hungry ghosts
  2 vampire mosquitoes (D:12)
  2 soldier ants (D:11)
  4 porcupines (Lair:1)
  Duvessa (D:5)
  Purgy (D:3)
  3 ogres
  10 orc warriors
  4 boggarts (D:12)
  3 phantoms
  A black bear (D:11)
  4 ice beasts
  3 necrophages
  2 wasps
  4 centaurs
  A sky beast (D:11)
  A crocodile (Lair:1)
  6 giant frogs
  Dowan (D:5)
  A wyvern skeleton (D:7)
  11 wights
  6 killer bees
  6 crimson imps
  A wasp zombie (D:12)
  A quasit (D:9)
  A jelly (D:12)
  2 giant frog zombies (D:11)
  4 hounds
  4 centaur skeletons
  7 orc priests
  8 orc wizards
  8 worker ants
  6 iguanas
  2 hound skeletons (D:11)
  Robin (D:1)
  2 gnolls (Bailey)
  3 shadow imps
  11 adders
  2 oozes
  An adder skeleton (D:4)
  3 worms
  36 orcs
  13 hobgoblins
  13 jackals
  6 quokkas
  4 bats
  7 giant cockroaches
  10 giant geckos
  A giant gecko skeleton (D:4)
  4 giant newts
  14 goblins
  20 kobolds
  A quokka zombie (D:6)
  4 rats
310 creatures vanquished.

Vanquished Creatures (collateral kills)
  2 orc warriors
  An ogre (D:11)
  3 killer bees (D:11)
  An orc wizard (D:12)
  2 worker ants
  A gnoll (Bailey)
  2 orcs (D:11)
  2 goblins (Bailey)
  3 kobolds (Bailey)
17 creatures vanquished.

Vanquished Creatures (others)
  The ghost of mikusriekstins the Arsonist, an experienced DEFE of Qazlal (D:10)
  A slave (D:7)
  2 worker ants
  A giant cockroach (D:7)
  A fungus (Lair:1)
6 creatures vanquished.

Grand Total: 333 creatures vanquished

Notes
Turn   | Place    | Note
--------------------------------------------------------------
     0 | D:1      | Monkaria the Felid Chaos Knight began the quest for the Orb.
     0 | D:1      | Reached XP level 1. HP: 10/10 MP: 2/2
   173 | D:1      | Reached XP level 2. HP: 11/14 MP: 3/3
   212 | D:1      | XOM: harmless Erth miscast
   279 | D:1      | XOM: harmless Tloc miscast
   284 | D:1      | XOM: divination: detect items
   297 | D:1      | XOM: harmless Ice miscast
   837 | D:1      | XOM: divination: magic mapping
   933 | D:1      | Reached skill level 4 in Unarmed Combat
  1174 | D:2      | Reached XP level 3. HP: 17/17 MP: 4/4
  1178 | D:2      | Noticed Robin
  1185 | D:2      | Xom revived you
  1435 | D:1      | XOM: divination: detect creatures
  1681 | D:1      | XOM is BORED!
  1681 | D:1      | XOM: harmless Hex miscast
  1930 | D:2      | XOM: butterfly on damage
  1932 | D:1      | XOM: harmless Fire miscast
  1935 | D:1      | Killed Robin
  1980 | D:1      | XOM: divination: detect creatures
  2011 | D:2      | XOM: harmless Ice miscast
  2022 | D:2      | Found a basalt altar of Yredelemnul.
  2044 | D:2      | XOM: silly message
  2149 | D:2      | XOM: harmless Divn miscast
  2198 | D:2      | Reached skill level 5 in Unarmed Combat
  2198 | D:2      | Reached XP level 4. HP: 21/21 MP: 5/5
  2468 | D:2      | XOM: harmless Hex miscast
  2657 | D:3      | Noticed a necrophage
  2666 | D:3      | XOM: harmless Tloc miscast
  2669 | D:3      | Killed a necrophage
  2669 | D:3      | Reached skill level 6 in Unarmed Combat
  2669 | D:3      | Reached XP level 5. HP: 24/24 MP: 6/6
  2692 | D:3      | XOM: polymorph kobold -> hound
  2695 | D:3      | XOM: noise
  2705 | D:3      | HP: 1/24 [hound (4)]
  2708 | D:3      | XOM: divination: detect items
  2713 | D:3      | XOM: fog
  2726 | D:3      | XOM: medium Tloc miscast
  2726 | D:3      | Cast into the Abyss (the capriciousness of Xom)
  2726 | Abyss:1  | Found a corrupted altar of Lugonu.
  2726 | D:3      | Escaped the Abyss
  2726 | D:3      | XOM: revert banishment
  2925 | D:2      | XOM: god gift: glowing emerald potion
  3013 | D:2      | Gained mutation: You are partially covered in molten scales (AC +1). [potion of mutation]
  3013 | D:2      | Gained mutation: You expend magic power (3 MP) to strengthen your wands. [potion of mutation]
  3014 | D:2      | Gained mutation: You heal slowly when monsters are visible. [potion of mutation]
  3014 | D:2      | Gained mutation: You are dopey. (Int -2) [potion of mutation]
  3146 | D:3      | Noticed Purgy
  3150 | D:3      | XOM: summons 2 friendly demons
  3175 | D:3      | Killed Purgy
  3175 | D:3      | Gained mutation: You are covered in thick fur (AC +2). [Felid growth]
  3175 | D:3      | Reached XP level 6. HP: 14/28 MP: 7/7
  3449 | D:3      | XOM: harmless Trmt miscast
  3466 | D:3      | Reached skill level 7 in Unarmed Combat
  3994 | D:4      | XOM: cast spell 'Summon Butterflies'
  4128 | D:4      | XOM: god gift: sharpened silver wand {god gift}
  4364 | D:4      | Reached skill level 5 in Dodging
  4424 | D:4      | XOM: destruction
  4744 | D:4      | Reached XP level 7. HP: 24/31 MP: 8/8
  4795 | D:5      | Entered Level 5 of the Dungeon
  4888 | D:5      | Found Venaabb's General Store.
  5028 | D:5      | Bought a wand of teleportation (2) for 216 gold pieces
  5045 | D:5      | Noticed Duvessa
  5159 | D:5      | Noticed Dowan
  5159 | D:5      | XOM: enchant monster (good)
  5192 | D:5      | Killed Duvessa
  5192 | D:5      | Dowan (ally) was killed
  5192 | D:5      | Your ally died
  5209 | D:5      | XOM: give mutation
  5209 | D:5      | Gained mutation: You are robust (+10% HP). [Xom's grace]
  5296 | D:5      | XOM: vitrification
  5494 | D:5      | Reached skill level 8 in Dodging
  5529 | D:5      | XOM: god gift: 42 gold pieces
  5890 | D:5      | Found a shimmering altar of Xom.
  5894 | D:5      | Found a sparkling altar of Nemelex Xobeh.
  5961 | D:5      | Bought a potion of invisibility for 96 gold pieces
  5972 | D:5      | XOM: summons friendly iron imp
  5987 | D:6      | XOM: noise
  6041 | D:6      | Found an opulent altar of Gozag.
  6054 | D:6      | Found Kihobb's General Store.
  6059 | D:6      | Bought a potion of flight for 30 gold pieces
  6069 | D:6      | XOM: god gift: potion of mutation
  6072 | D:6      | Lost mutation: You expend magic power (3 MP) to strengthen your wands. [potion of mutation]
  6072 | D:6      | Lost mutation: You are robust (+10% HP). [potion of mutation]
  6072 | D:6      | Gained mutation: Your body sometimes deteriorates upon taking damage. [potion of mutation]
  6073 | D:6      | Found Bupnidwil's Distillery.
  6079 | D:6      | Found a blossoming altar of Fedhas.
  6081 | D:6      | Bought a potion of mutation for 30 gold pieces
  6081 | D:6      | Gained mutation: Your flesh is cold resistant. [potion of mutation]
  6081 | D:6      | Lost mutation: Your body sometimes deteriorates upon taking damage. [potion of mutation]
  6081 | D:6      | Gained mutation: Your muscles are strong. (Str +2) [potion of mutation]
  6090 | D:6      | Reached skill level 9 in Dodging
  6120 | D:6      | Found a shadowy altar of Dithmenos.
  6122 | D:6      | Found a snail-covered altar of Cheibriados.
  6122 | D:6      | Found a glowing silver altar of Zin.
  6123 | D:6      | Found a radiant altar of Vehumet.
  6123 | D:6      | Found a white marble altar of Elyvilon.
  6123 | D:6      | Found a stormy altar of Qazlal.
  6156 | D:6      | XOM: butterfly on damage
  6203 | D:6      | XOM: god gift: yellowed book {god gift}
  6206 | D:6      | Identified Xom's Incunabulum of Bitterness (Xom gifted it to you on level 6 of the Dungeon)
  6503 | D:6      | Found Laczacuth's Magic Scroll Emporium.
  6557 | D:6      | Reached XP level 8. HP: 30/33 MP: 9/9
  6602 | D:6      | Found Gonwe's Weapon Boutique.
  6727 | D:6      | Found Ucixod's Antique Armour Boutique.
  6746 | D:6      | XOM: give mutations
  6746 | D:6      | Gained mutation: Your spells are a little harder to cast, but a little more powerful. [Xom's grace]
  6746 | D:6      | Gained mutation: You evolve. [Xom's grace]
  6746 | D:6      | Gained mutation: You are agile. (Dex +2) [Xom's grace]
  6975 | D:6      | Gained mutation: You are very agile. (Dex +4) [evolution]
  7054 | D:6      | XOM: noise
  7093 | D:6      | XOM: god gift: 7 exploding tomahawks
  7170 | D:6      | XOM: summons 4 friendly demons
  7288 | D:7      | Reached skill level 10 in Dodging
  7400 | D:7      | XOM: harmless Ice miscast
  7430 | D:7      | XOM: 2-stop teleportation journey
  7472 | D:7      | Found a staircase to the Ecumenical Temple.
  7533 | D:7      | Found a flagged portal.
  7544 | Bailey   | Entered a bailey
  7554 | Bailey   | XOM: fake destruction
  7560 | Bailey   | XOM: blink monster(s)
  7595 | Bailey   | Reached skill level 11 in Dodging
  7627 | Bailey   | Slain by an orc warrior
  7628 | Bailey   | Reached XP level 7. HP: -1/30 MP: 8/8
  7825 | Bailey   | XOM: mild Summ miscast
  7940 | Bailey   | XOM: summons 3 hostile demons
  7941 | Bailey   | XOM: cast spell 'Olgreb's Toxic Radiance'
  7945 | Bailey   | XOM: divine lightning (protected)
  8214 | Bailey   | XOM: destruction
  8220 | Bailey   | XOM: potion effect (might)
  8229 | Bailey   | Reached skill level 12 in Dodging
  8229 | Bailey   | Reached XP level 8. HP: 5/34 MP: 9/9
  8585 | D:7      | XOM: smoke on damage
  8594 | D:7      | Reached skill level 1 in Stealth
  8650 | D:7      | Noticed Pikel
  8657 | D:7      | XOM: summons 4 friendly demons
  8677 | D:7      | Killed Pikel
  8750 | D:7      | Got a vibrating brass ring
  8791 | D:7      | XOM: fog
  8796 | D:7      | XOM: potion effect (invisibility)
  8818 | D:7      | Slain by a spriggan baker
  8819 | D:7      | Reached XP level 7. HP: -1/31 MP: 8/8
  8940 | D:7      | XOM: harmless Pois miscast
  9045 | D:7      | Identified the ring "Wucytum" {rF- MR+ Dex+4 Slay+2} (You found it on level 7 of the Dungeon)
  9048 | D:7      | Reached XP level 8. HP: 34/34 MP: 9/9
  9156 | D:8      | XOM: chaos cloud
  9310 | D:8      | XOM: harmless Pois miscast
  9323 | D:8      | XOM: divination: detect items
  9614 | D:8      | Reached skill level 10 in Stealth
  9684 | D:8      | Noticed Maurice
  9698 | D:8      | XOM: god gift: 34 gold pieces
  9755 | D:8      | Killed Maurice
  9824 | D:8      | Reached XP level 9. HP: 27/37 MP: 10/10
 10092 | D:8      | XOM: vitrification
 10130 | D:8      | XOM: confuse monster(s)
 10317 | D:8      | Reached skill level 13 in Stealth
 10492 | D:9      | XOM: summons 4 friendly demons
 10504 | D:9      | XOM: potion effect (might)
 10506 | D:9      | Reached skill level 1 in Evocations
 10519 | D:8      | HP: 1/37 [two-headed ogre/giant club (25)]
 10519 | D:8      | XOM: butterfly on damage
 10706 | D:8      | Gained mutation: You possess an exceptional clarity of mind. [evolution]
 10759 | D:8      | XOM: noise
 10762 | D:8      | XOM: summons 2 friendly demons
 11130 | D:8      | XOM: colour smoke trail
 11148 | D:8      | XOM: noise
 11187 | D:8      | XOM: summons 4 hostile demons
 11188 | D:8      | Noticed a sixfirhy
 11271 | D:9      | XOM: colour smoke trail
 11375 | D:9      | Found a blossoming altar of Fedhas.
 11439 | D:9      | Found a staircase to the Lair.
 11552 | D:9      | Reached XP level 10. HP: 42/42 MP: 14/14
 11632 | D:9      | Found a staircase to the Orcish Mines.
 11679 | D:9      | Reached skill level 5 in Evocations
 11710 | D:9      | Slain by an orc warrior
 11711 | D:9      | Reached XP level 9. HP: -1/37 MP: 13/13
 11970 | Temple   | Entered the Ecumenical Temple
 12082 | Temple   | XOM: noise
 12142 | D:7      | XOM: colour smoke trail
 12234 | D:9      | XOM: god gift: robe {god gift}
 12248 | D:10     | Entered Level 10 of the Dungeon
 12350 | D:10     | XOM: fog
 12411 | D:10     | Noticed a hill giant
 12428 | D:10     | XOM: butterfly on damage
 12443 | D:10     | XOM: give mutation
 12443 | D:10     | Gained mutation: Your muscles are very strong. (Str +4) [Xom's grace]
 12444 | D:10     | Killed a hill giant
 12468 | D:10     | XOM: vitrification
 12631 | D:10     | XOM: summons 6 friendly demons
 12670 | D:10     | Noticed mikusriekstins's ghost (experienced DEFE)
 12897 | D:10     | Killed mikusriekstins's ghost
 13036 | D:10     | XOM: butterfly on damage
 13045 | D:10     | Reached skill level 14 in Stealth
 13582 | D:10     | Noticed a centaur skeleton
 13593 | D:10     | Killed a centaur skeleton
 13593 | D:10     | Reached XP level 10. HP: 42/42 MP: 16/16
 13782 | D:8      | XOM: summons 3 friendly demons
 13928 | D:6      | Bought a potion of heal wounds for 60 gold pieces
 13928 | D:6      | Bought a potion of haste for 120 gold pieces
 13928 | D:6      | Bought a potion of resistance for 120 gold pieces
 13928 | D:6      | Bought a potion of curing for 36 gold pieces
 13928 | D:6      | Bought a potion of heal wounds for 60 gold pieces
 13928 | D:6      | Bought a potion of poison for 12 gold pieces
 13944 | D:6      | Bought a scroll of identify for 20 gold pieces
 13990 | D:8      | XOM: vitrification
 14053 | D:10     | XOM: god gift: bread ration
 14057 | D:10     | XOM: give mutations
 14057 | D:10     | Gained mutation: You rapidly evolve. [Xom's grace]
 14057 | D:10     | Gained mutation: You passively map a small area around you. [Xom's grace]
 14074 | D:10     | Lost mutation: Your spells are a little harder to cast, but a little more powerful. [evolution]
 14074 | D:10     | Lost mutation: You rapidly evolve. [end of evolution]
 14094 | D:11     | Noticed a white ugly thing
 14108 | D:11     | XOM: summons friendly sun demon
 14111 | D:11     | Killed a white ugly thing
 14128 | D:11     | Reached skill level 15 in Stealth
 14330 | D:11     | XOM: fog
 14349 | D:11     | XOM: divination: magic mapping
 14350 | D:11     | XOM: confuse monster(s)
 14458 | D:11     | XOM: torment (21/42 hp)
 14868 | D:11     | XOM: scenery: 3 doors close
 15064 | D:12     | Noticed an unseen horror
 15178 | D:12     | Noticed an unseen horror
 15185 | D:12     | Killed an unseen horror
 15185 | D:12     | Reached skill level 5 in Fighting
 15191 | D:12     | XOM: god gift: box of beasts
 15433 | D:12     | XOM: scenery: 1 doors open
 15461 | D:12     | XOM: 7-stop teleportation journey
 15499 | D:12     | Noticed a manticore
 15569 | D:12     | Noticed a hill giant
 15569 | D:12     | XOM: swap monsters
 15570 | D:12     | Noticed a cyclops
 15572 | D:12     | Noticed a manticore
 15577 | D:12     | XOM: destruction
 15586 | D:12     | XOM: harmless Chrm miscast
 15590 | D:12     | Noticed a tengu warrior
 15708 | D:12     | Reached XP level 11. HP: 18/48 MP: 17/17
 15971 | D:12     | XOM: cast spell 'Dispersal'
 15998 | D:12     | XOM: harmless Conj miscast
 16092 | D:12     | XOM: potion effect (brilliance)
 16106 | D:12     | XOM: potion effect (berserk rage)
 16108 | D:12     | Reached skill level 16 in Stealth
 16357 | D:12     | XOM: butterfly on damage
 16370 | D:12     | XOM: potion effect (might)
 16372 | D:12     | Killed a manticore
 16374 | D:12     | XOM: harmless Air miscast
 16712 | D:12     | Reached skill level 17 in Stealth
 16724 | D:12     | XOM: confuse monster(s)
 16811 | D:12     | XOM: summons 3 friendly demons
 17216 | D:9      | Gained mutation: You can translocate small distances at will. [evolution]
 17236 | Lair:1   | Entered Level 1 of the Lair of Beasts
 17315 | Lair:1   | XOM: 1-stop teleportation journey
 17380 | Lair:1   | XOM: give mutations
 17380 | Lair:1   | Gained mutation: Your spells are a little harder to cast, but a little more powerful. [Xom's grace]
 17380 | Lair:1   | Lost mutation: You evolve. [Xom's grace]
 17380 | Lair:1   | Gained mutation: You are somewhat resistant to further mutation. [Xom's grace]
 17380 | Lair:1   | Gained mutation: You have an increased reservoir of magic (+10% MP). [Xom's grace]
 17683 | Lair:1   | Noticed an eight-headed hydra
 17727 | Lair:1   | HP: 2/48 [eight-headed hydra (12)]
 17727 | Lair:1   | Slain by an eight-headed hydra

Vault maps used:
D:1:      dpeg_arrival_simpleton_c
D:2:      old_standard_altar, grunt_ministairs_2, uniq_robin
D:3:      kennysheep_generic_room_4, uniq_purgy
D:5:      minitemple, first_bread, serial_shops, shop, minmay_hedge_maze,
          uniq_duvessa
D:6:      grunt_temple_overflow_open, kennysheep_mini, serial_shops, shop, shop,
          shop_fountains, shop_statue, nicolae_shop_trees
D:7:      minmay_temple_entry_fiery, enter_bailey_2, the_bakery,
          grunt_decor_one_mirror, uniq_pikel
D:8:      uniq_maurice
D:9:      lair_0_dummy, orc_0_dummy, fedhas_bush_and_centaur_altar
Temple:   minmay_temple_bridge_b_8
Lair:1:   hangedman_lair_generics_rect, infiniplex_staircase_pool_2
Bailey:   bailey_axe_1, bailey

Action                   |  1- 3 |  4- 6 |  7- 9 | 10-12 || total
-------------------------+-------+-------+-------+-------++-------
Melee: Unarmed           |    97 |   151 |   565 |   293 ||  1106
Evoke: Wand              |       |       |    31 |    27 ||    58
  Use: Scroll            |       |     4 |    17 |     7 ||    28
       Potion            |       |     2 |     6 |     1 ||     9
 Stab: Sleeping          |     3 |     4 |    24 |    26 ||    57
       Distracted        |       |       |     4 |     3 ||     7
       Paralysed         |       |       |     2 |     5 ||     7
       Confused          |       |       |     2 |     3 ||     5
  Eat: Chunk             |     9 |     3 |    39 |    14 ||    65
